 Dungeon Crawl Stone Soup version 0.29-a0-322-g68df515428 (console) character file.

Game seed: 16393506652893750867

52 Ignak the Magician (level 3, 0/26 HPs)
             Began as a Gnoll Hedge Wizard on Apr 7, 2022.
             Slain by a gnoll
             ... wielding a +0 club
              (3 damage)
             ... on level 2 of the Dungeon.
             The game lasted 00:06:39 (2222 turns).

Ignak the Magician (Gnoll Hedge Wizard)             Turns: 2222, Time: 00:06:39

Health: 0/26       AC:  2    Str:  9    XL:     3   Next: 85%
Magic:  0/11       EV: 13    Int: 15    God:
Gold:   73         SH:  0    Dex: 11    Spells: 7/16 levels left

rFire   . . .      SeeInvis +   a - +0 falchion
rCold   . . .      Faith    .   (no shield)
rNeg    . . .      Spirit   .   b - +0 robe
rPois   .          Reflect  .   c - +0 hat
rElec   .          Harm     .   (no cloak)
rCorr   .          Rampage  .   (no gloves)
Will    .....                   (no boots)
Stlth   ++........              (no amulet)
HPRegen 0.08/turn               g - ring of see invisible
MPRegen 0.12/turn               (no ring)

@: on blink cooldown, very slightly contaminated
A: fangs 1, strong nose, distributed training
a: no special abilities


You were on level 2 of the Dungeon.
You visited 1 branch of the dungeon, and saw 2 of its levels.

You collected 73 gold pieces.

Inventory:

Hand Weapons
 a - a +0 falchion (weapon)
Missiles
 f - 6 silver javelins (quivered)
Armour
 b - a +0 robe (worn)
 c - a +0 hat (worn)
Jewellery
 g - a ring of see invisible (left hand)
Scrolls
 e - 4 scrolls of identify {unknown}
 i - a scroll of torment {unknown}
 j - 2 scrolls of enchant weapon {unknown}
 l - a scroll of noise {unknown}
 m - a scroll of vulnerability {unknown}
Potions
 d - a potion of magic
 h - a potion of berserk rage {unknown}
 k - a potion of invisibility {unknown}


   Skills:
 + Level 1.0 Fighting
 + Level 1.0 Short Blades
 + Level 1.0 Long Blades
 + Level 1.0 Axes
 + Level 1.0 Maces & Flails
 + Level 1.0 Polearms
 + Level 1.0 Staves
 + Level 1.0 Slings
 + Level 1.0 Bows
 + Level 1.0 Crossbows
 + Level 1.0 Throwing
 + Level 1.0 Armour
 + Level 4.6 Dodging
 + Level 4.2 Stealth
 + Level 1.0 Shields
 + Level 1.0 Unarmed Combat
 + Level 7.1 Spellcasting
 + Level 2.1 Conjurations
 + Level 0.7 Hexes
 + Level 2.1 Summonings
 + Level 0.7 Necromancy
 + Level 2.1 Translocations
 + Level 0.7 Transmutations
 + Level 0.7 Fire Magic
 + Level 0.7 Ice Magic
 + Level 0.7 Air Magic
 + Level 0.7 Earth Magic
 + Level 0.7 Poison Magic
 + Level 1.0 Invocations
 + Level 1.0 Evocations


You had 7 spell levels left.
You knew the following spells:

 Your Spells              Type           Power      Damage    Failure   Level
a - Magic Dart            Conj           44%        1d5       5%          1
b - Blink                 Tloc           22%        N/A       9%          2
c - Slow                  Hex            28%        N/A       10%         1
d - Mephitic Cloud        Conj/Pois/Air  8%         N/A       24%         3
e - Call Imp              Summ           11%        N/A       9%          2

Your spell library contained the following spells:

 Spells                   Type           Power      Damage    Failure   Level
 Conjure Flame            Conj/Fire      9%         6-21      22%         3


Dungeon Overview and Level Annotations

Branches:
Dungeon (2/15)

Altars:


Innate Abilities, Weirdness & Mutations

You have very sharp teeth.
Your uncanny sense of smell can sniff out nearby items.
Your experience applies equally to all skills.


Message History

The magic dart hits the kobold.
You kill the kobold!
Unknown command. 3 gnolls come into view.
The gnoll shouts!
The gnoll hits you with a +0 club.
A gnoll comes into view. It is wielding a +0 flail.
Things that are here:
a +0 short sword of distortion; 3 stones You closely miss the gnoll.
The gnoll hits you with a +0 club. The gnoll hits you with a +0 club!
The gnoll hits you from afar with a +0 spear.
* * * LOW HITPOINT WARNING * * *
There is a stone staircase leading down here.
Press: ? - help, v - describe, . - travel
Here: a gnoll, wielding a +0 club A stone staircase leading down.
Casting: Magic Dart (safe; 5% risk of failure)
Confirm with . or Enter, or press ? or * to list all spells.
You blink.
The gnoll misses you. The gnoll barely misses you.
Casting: Blink (safe; 9% risk of failure)
Confirm with . or Enter, or press ? or * to list all spells.
The spell is extremely dangerous to miscast (24% risk of failure)!
Continue anyway?
Aiming: Mephitic Cloud (extremely dangerous; 24% risk of failure)
Press: ? - help, Shift-Dir - straight line, f - gnoll
Aim: a gnoll, wielding a +0 spear (chance to affect: 91%)
You miscast Mephitic Cloud.
You are very lightly contaminated with residual magic.
Nothing appears to happen.
The gnoll closely misses you. The gnoll barely misses you.
Casting: Mephitic Cloud (extremely dangerous; 24% risk of failure)
Confirm with . or Enter, or press ? or * to list all spells.
You don't have enough magic to cast this spell.
There are monsters nearby!
Casting: Mephitic Cloud (extremely dangerous; 24% risk of failure)
Confirm with . or Enter, or press ? or * to list all spells.
A beastly little devil appears in a puff of flame.
The gnoll misses you. The gnoll closely misses you.
The gnoll hits you with a +0 club.
You die...

### #.g #.# #.##### #.....#
## ### #.....### #. ..#
####g....... ##.# #.#
#.####@.g)....## ##.# #.#
#......gg........# ##.# #.#
######5#########.# ...##
#.# #.# #.#
.>..###.########.# #.#
#.............##.# #.#
#.#.###.#####.##.### #.#
...##
#.>.......#..#######.######
#.###
##########.#.<.............


You could see 4 gnolls and a friendly crimson imp (summoned).

Vanquished Creatures
  3 ball pythons (D:1)
  A giant cockroach (D:1)
  4 hobgoblins
  5 jackals
  2 quokkas (D:1)
  A frilled lizard (D:1)
  3 goblins
  4 kobolds
  6 rats (D:1)
29 creatures vanquished.

Vanquished Creatures (collateral kills)
  A ball python (D:2)
  3 bats
  An endoplasm (D:2)
  8 jackals
  A kobold (D:1)
  A quokka (D:1)
  3 rats
18 creatures vanquished.

Grand Total: 47 creatures vanquished

Notes
Turn   | Place    | Note
-------+----------+-------------------------------------------
     0 | D:1      | Ignak the Gnoll Hedge Wizard began the quest for the Orb.
     0 | D:1      | Reached XP level 1. HP: 13/13 MP: 8/8
   324 | D:1      | Reached XP level 2. HP: 18/19 MP: 7/10
   347 | D:1      | Learned a level 2 spell: Blink
   350 | D:1      | Learned a level 2 spell: Call Imp
  1138 | D:1      | Reached XP level 3. HP: 20/25 MP: 8/11
  1142 | D:1      | Learned a level 3 spell: Mephitic Cloud
  1443 | D:1      | Found a faded altar of an unknown god.
  1633 | D:1      | Learned a level 1 spell: Slow
  1639 | D:1      | Reached skill level 1 in Invocations
  2083 | D:2      | Reached skill level 1 in Fighting
  2083 | D:2      | Reached skill level 1 in Short Blades
  2083 | D:2      | Reached skill level 1 in Long Blades
  2083 | D:2      | Reached skill level 1 in Axes
  2083 | D:2      | Reached skill level 1 in Maces & Flails
  2083 | D:2      | Reached skill level 1 in Polearms
  2083 | D:2      | Reached skill level 1 in Staves
  2083 | D:2      | Reached skill level 1 in Slings
  2083 | D:2      | Reached skill level 1 in Bows
  2083 | D:2      | Reached skill level 1 in Crossbows
  2083 | D:2      | Reached skill level 1 in Throwing
  2083 | D:2      | Reached skill level 1 in Armour
  2083 | D:2      | Reached skill level 1 in Shields
  2083 | D:2      | Reached skill level 1 in Unarmed Combat
  2083 | D:2      | Reached skill level 1 in Evocations
  2222 | D:2      | Slain by a gnoll

Illustrated notes

Levels and vault maps discovered:
D:1:      amcnicky_arrival_double_pillar, layout_rooms,
          nicolae_ecumenical_lake_church
D:2:      layout_loops_ring

Skill      XL: |  1  2  3 |
---------------+----------+-----
Conjurations   | 2 |  2.1
Summonings     | 2 |  2.1
Translocations | 2 |  2.1
Invocations    | 1 |  1.0
Fighting       | 1 |  1.0
Short Blades   | 1 |  1.0
Long Blades    | 1 |  1.0
Axes           | 1 |  1.0
Maces & Flails | 1 |  1.0
Polearms       | 1 |  1.0
Staves         | 1 |  1.0
Slings         | 1 |  1.0
Bows           | 1 |  1.0
Crossbows      | 1 |  1.0
Throwing       | 1 |  1.0
Armour         | 1 |  1.0
Shields        | 1 |  1.0
Unarmed Combat | 1 |  1.0
Evocations     | 1 |  1.0
Dodging        | |  4.6
Stealth        | |  4.2
Spellcasting   | |  7.1
Hexes          | |  0.7
Necromancy     | |  0.7
Transmutations | |  0.7
Fire Magic     | |  0.7
Ice Magic      | |  0.7
Air Magic      | |  0.7
Earth Magic    | |  0.7
Poison Magic   | |  0.7

Action                   || total
-------------------------++-------
Melee: Dagger            ||    30
       Bite              ||     7
       Falchion          ||    66
       Punch             ||     1
 Cast: Magic Dart        ||    21
       Call Imp          ||    16
       Blink             ||     2
       Mephitic Cloud    ||     1
 Stab: Sleeping          ||     2
       Distracted        ||     1
Armor: Robe              ||    19
Dodge: Dodged            ||   118

Table legend: (Time is in decaauts)
 A = Elapsed time spent in this place.
 B = Non-inter-level travel time spent in this place.
 C = Inter-level travel time spent in this place.
 D = Time resting spent in this place.
 E = Time spent auto-exploring this place.
 F = Levels seen in this place.
 G = Mean time per level.
                   A        B        C        D        E       F      G
               +--------+--------+--------+--------+--------+-----+--------+
         Total |   2239 |   2209 |     30 |    812 |    766 |   2 | 1119.5 |
       Dungeon |   2239 |   2209 |     30 |    812 |    766 |   2 | 1119.5 |
               +--------+--------+--------+--------+--------+-----+--------+

Top non-repeatable levels by time:
     D:1: 1838 daAuts
     D:2: 401 daAuts
